 Dungeon Crawl Stone Soup version 0.21.1-1-g345015f (webtiles) character file.

390 prawnwizard the Chopper (level 6, -4/56 HPs)
             Began as a Hill Orc Monk on July 2, 2018.
             Was a Believer of Beogh.
             Slain by an ogre
             ... wielding a +0 giant club
              (11 damage)
             ... on level 4 of the Dungeon.
             The game lasted 00:07:50 (2949 turns).

prawnwizard the Chopper (Hill Orc Monk)             Turns: 2949, Time: 00:07:51

Health: -4/56      AC: 10    Str: 16    XL:     6   Next: 80%
Magic:  6/6        EV:  5    Int: 10    God:    Beogh [**....]
Gold:   147        SH:  0    Dex: 13    Spells: 5/5 levels left

rFire    . . .     SeeInvis .   a - +1 hand axe
rCold    . . .     Gourm    .   (no shield)
rNeg     . . .     Faith    .   p - +0 plate armour
rPois    .         Spirit   .   (no helmet)
rElec    .         Reflect  .   (no cloak)
rCorr    .         Harm     .   (no gloves)
MR       .....                  (no boots)
Stlth    ..........             d - amulet of magic regeneration
HPRegen  0.18/turn              (no ring)
MPRegen  0.35/turn              (no ring)

@: no status effects
A: no striking features
a: Smiting, Renounce Religion


You were on level 4 of the Dungeon.
You worshipped Beogh.
Beogh was pleased with you.
You were not hungry.

You visited 1 branch of the dungeon, and saw 4 of its levels.

You collected 147 gold pieces.

Inventory:

Hand Weapons
 a - a +1 hand axe (weapon)
Armour
 b - a +0 robe
 p - a +0 plate armour (worn)
Jewellery
 d - an amulet of magic regeneration (around neck)
 f - a cursed -3 ring of slaying {unknown}
 s - a +6 ring of evasion {unknown}
Scrolls
 e - 3 scrolls of enchant weapon
 g - a scroll of fog {unknown}
 l - a scroll of teleportation {unknown}
 m - 3 scrolls of fear {unknown}
Potions
 h - a potion of haste {unknown}
 i - a potion of heal wounds {unknown}
 j - a potion of might {unknown}
 k - a potion of flight {unknown}
 n - a potion of ambrosia {unknown}
 o - 3 potions of berserk rage {unknown}
 r - a potion of curing {unknown}
Comestibles
 c - 6 rations


   Skills:
 + Level 5.4 Fighting
 * Level 7.3 Axes
 + Level 3.7 Dodging
 - Level 1.5 Stealth


You had 5 spell levels left.
You didn't know any spells.

Dungeon Overview and Level Annotations

Branches:
Dungeon (4/15)             Temple (0/1) D:4

Altars:
Dithmenos
Elyvilon


Message History

You hit the ogre.
The ogre is moderately wounded.
You hit the ogre.
The ogre is moderately wounded.
The ogre hits you with a giant club!!
You hit the ogre.
The ogre is moderately wounded.
The ogre hits you with a giant club!!
* * * LOW HITPOINT WARNING * * *
You slash the ogre!
The ogre is severely wounded.
You see here a jackal corpse.
All of the chunks of flesh in your inventory have rotted away.
You slash the ogre!
The ogre is almost dead.
The ogre barely misses you.
You hit the ogre but do no damage.
The ogre is almost dead.
The ogre hits you with a giant club!
You die...

##...†..###### ##
##..####....... .#
#####...# ######.# .##
#..)..>.# #.# .(## .#
#...)...# #.# #..# .#
##.###### ##.# ##.### #.#
#.# #..# .....# .. #O# #.##
#.##.#####.# #@# #.#
.........#.# ##.# #.#
#..####....# #..# #.# ##..#
###..####.###### #.# ##.#
#.............# #######.##
#.#
##.#.......###.........#...
#.# #..#####.#...# #.....
#.###.## ##..###.####
##.†.. #.##..# #..# #....#
#...<..?


You could see an ogre.

Vanquished Creatures
  A phantom (D:4)
  A centaur (D:3)
  An orc priest (D:4)
  A hound (D:4)
  An orc wizard (D:3)
  4 gnolls (D:4)
  2 worms (D:2)
  3 dart slugs (D:1)
  3 leopard geckos
  6 orcs
  2 ball pythons
  2 giant cockroaches
  6 goblins
  5 hobgoblins
  10 jackals
  11 kobolds
  2 quokkas
  5 bats
  5 frilled lizards
  6 rats
77 creatures vanquished.

Notes
Turn   | Place    | Note
-------+----------+-------------------------------------------
     0 | D:1      | prawnwizard the Hill Orc Monk began the quest for the Orb.
     0 | D:1      | Reached XP level 1. HP: 19/19 MP: 1/1
    48 | D:1      | Reached XP level 2. HP: 25/27 MP: 2/2
   441 | D:1      | Reached XP level 3. HP: 28/33 MP: 3/3
   699 | D:1      | You fall through a shaft!
   912 | D:2      | Reached skill level 5 in Axes
  1335 | D:3      | Became a worshipper of Beogh the Brigand
  1335 | D:3      | Reached * piety under Beogh
  1335 | D:3      | Reached ** piety under Beogh
  1357 | D:3      | Reached XP level 4. HP: 40/41 MP: 4/4
  1439 | D:3      | Noticed a centaur
  1449 | D:3      | Killed a centaur
  1449 | D:3      | Reached XP level 5. HP: 16/47 MP: 3/5
  1588 | D:3      | Reached skill level 6 in Axes
  2313 | D:4      | Reached skill level 5 in Fighting
  2401 | D:4      | Found a white marble altar of Elyvilon.
  2446 | D:4      | Found a shadowy altar of Dithmenos.
  2446 | D:4      | Noticed a phantom
  2480 | D:4      | Killed a phantom
  2480 | D:4      | Reached skill level 7 in Axes
  2480 | D:4      | Reached XP level 6. HP: 21/56 MP: 6/6
  2706 | D:4      | Found a staircase to the Ecumenical Temple.
  2916 | D:4      | HP: 1/56 [ogre/giant club (22)]
  2949 | D:4      | Slain by an ogre

Skill      XL: |  1  2  3  4  5 |
---------------+----------------+-----
Fighting       | 4 5 |  5.4
Axes           | 5 7 |  7.3
Dodging        | 3 |  3.7
Stealth        | |  1.5

Action                   |  1- 3 |  4- 6 || total
-------------------------+-------+-------++-------
Melee: Hand axe          |   154 |   167 ||   321
Invok: Convert to Beogh  |     1 |       ||     1
       Smiting           |       |     1 ||     1
  Use: Scroll            |     3 |       ||     3
 Stab: Sleeping          |     1 |       ||     1
  Eat: Chunk             |     2 |     5 ||     7
Armor: Robe              |    13 |       ||    13
       Plate armour      |    33 |    93 ||   126
Dodge: Dodged            |    77 |    41 ||   118
